 Dungeon Crawl Stone Soup version bcrawl-1.39.1 (webtiles) character file.

Game seed: 8965189071878579774

8848418 Grijm the Eclecticist (level 25, -1/202 HPs)
             Began as a White Draconian Reaver on Oct 2, 2023.
             Was the Champion of Vehumet.
             Slain by a shadow wraith (8 damage)
             ... in Pandemonium on Oct 4, 2023.
             The game lasted 04:29:18 (65345 turns).

Grijm the Eclecticist (White Draconian Reaver)     Turns: 65345, Time: 04:29:19

Health: -1/202     AC: 17    Str: 15    XL:     25   Next: 52%
Magic:  22/47      EV: 13    Int: 25    God:    Vehumet [******]
Gold:   3114       SH: 10    Dex: 10    Spells: 5/64 levels left

rFire    + . .     GDR:     22% s - staff of conjuration
rCold    + + .     SeeInvis .   T - +4 buckler {reflect}
rNeg     + . .     Gourm    .   (armour unavailable)
rPois    .         Faith    .   J - +1 hat {MR+} {pickup}
rElec    +         Spirit   .   t - scarf {rC+ rF+}
rCorr    +         Reflect  +   H - +2 pair of gloves
MR       ++...                  I - +0 pair of boots "Fuegikh" {*Contam rN+ rCorr}
Stlth    +.........             W - amulet of magic regeneration
HPRegen  0.43/turn              z - ring "Rusihy" {+Fly rElec}
MPRegen  0.82/turn              n - ring of wizardry

@: about to teleport, flying, slowed, deflect missiles, very slow
A: breathe frost, unfitting armour, cold resistance 1, cold-blooded, AC +12
}: 4/15 runes: decaying, barnacled, demonic, fiery
a: Breathe Frost, Renounce Religion, Stop Flying


You were in Pandemonium.
You worshipped Vehumet.
Vehumet was exalted by your worship.
You were not hungry.

You visited 9 branches of the dungeon, and saw 36 of its levels.
You visited Pandemonium 1 time, and saw 20 of its levels.
You also visited: Sewer.

You collected 7041 gold pieces.
You spent 3927 gold pieces at shops.

Inventory:

Hand Weapons
 a - a +8 demon trident of venom
Missiles
 i - 617 javelins of penetration {=f}
 y - 990 poisoned tomahawks (quivered)
 C - 257 steel javelins
 P - 5 throwing nets {=f}
Armour
 t - a scarf of resistance (worn)
 H - a +2 pair of gloves (worn)
 I - the +0 pair of boots "Fuegikh" (worn) {*Contam rN+ rCorr}
   (You acquired it on level 3 of the Shoals)

   It protects you from negative energy.
   It causes magical contamination when unequipped.
   It provides partial protection from all sources of acid and corrosion.
 J - a +1 hat of magic resistance (worn) {pickup}
 T - a +4 buckler of reflection (worn)
Magical Staves
 s - an uncursed staff of conjuration (weapon)
Jewellery
 d - an uncursed ring of protection from magic
 n - a ring of wizardry (right hand)
 z - the ring "Rusihy" (left hand) {+Fly rElec}
   (You found it in Pandemonium)

   [ring of flight]

   It insulates you from electricity.
   It lets you fly.
 G - an uncursed ring of poison resistance
 W - an amulet of magic regeneration (around neck)
Wands
 p - a wand of acid (15)
 u - a wand of digging (47)
 v - a wand of charming (9)
 D - a wand of scattershot (13)
 K - a wand of iceblast (9)
 L - a wand of clouds (5)
 M - a wand of paralysis (47)
Scrolls
 b - a scroll of blinking
 c - 8 scrolls of immolation
 j - 10 scrolls of teleportation
 m - 6 scrolls of revelation
 o - 15 scrolls of remove curse
 r - a scroll of fog
 x - 4 scrolls of noise
 O - 6 scrolls of fear
 X - 3 scrolls of silence
Potions
 f - 11 potions of brilliance
 g - 8 potions of mutation
 h - a potion of haste
 k - 8 potions of lignification
 l - 3 potions of cancellation
 q - 12 potions of agility
 w - 2 potions of flight
 A - 19 potions of curing
 B - 12 potions of might
 E - 4 potions of heal wounds
 F - a potion of ambrosia
 R - 5 potions of invisibility
 V - a potion of magic
 Z - 2 potions of resistance
Miscellaneous
 N - a fan of gales (2/2)
 Q - a sack of spiders
 S - a lamp of fire
 U - 4 boxes of beasts
 Y - 2 phantom mirrors
Comestibles
 e - 63 rations {!d}


   Skills:
 - Level 12.0 Fighting
 - Level 14.0 Polearms
 - Level 2.0 Throwing
 - Level 5.0 Dodging
 - Level 8.0 Shields
 + Level 20.2 Spellcasting
 - Level 15.0 Conjurations
   Level 2.0 Hexes
 - Level 5.0 Charms
 - Level 15.0 Necromancy
 - Level 15.0 Transmutations
   Level 1.0 Fire Magic
 - Level 20.0 Ice Magic
 + Level 14.5 Air Magic
 - Level 2.0 Poison Magic
 - Level 10.0 Evocations


You had 5 spell levels left.
You knew the following spells:

 Your Spells              Type           Power        Failure   Level  Hunger
a - Regeneration          Chrm/Necr      ######....   1%          3    None
b - Orb of Destruction    Conj           ########..   1%          7    None
c - Throw Icicle          Conj/Ice       ########     0%          4    None
d - Conjure Ball Lightni  Conj/Air       #######...   1%          6    None
e - Glaciate              Conj/Ice/Air   ########..   2%          8    None
f - Iskenderun's Battles  Conj/Chrm      #######.     1%          5    None
g - Icicle Burst          Conj/Ice       ########..   1%          7    None
h - Deflect Missiles      Chrm/Air       ######....   3%          6    None
j - Necromutation         Tmut/Necr      #######.     16%         8    ####...
x - Sublimation of Blood  Necr           #######...   0%          2    None
z - Mephitic Cloud        Conj/Pois/Air  #######.     1%          3    None

Your spell library contained the following spells:

 Spells                   Type           Power        Failure   Level  Hunger
 Chain Lightning          Conj/Air       #######...   4%          8    None
 Lehudib's Crystal Spear  Conj/Erth      #######...   58%         8    None
 Beastly Appendage        Tmut           ######       0%          1    None
 Freeze                   Ice            ######       0%          1    None
 Magic Dart               Conj           ####         0%          1    None
 Static Discharge         Air            ######       0%          1    None
 Searing Ray              Conj           ########     0%          2    None
 Shock                    Conj/Air       #######      0%          2    None
 Sticks to Snakes         Tmut           #######.     0%          2    None
 Throw Frost              Conj/Ice       ######       0%          2    None
 Iskenderun's Mystic Bla  Conj           ########     0%          3    None
 Ice Form                 Ice/Tmut       #######.     0%          4    None
 Flame Tongue             Conj/Fire      #####        1%          1    None
 Sandblast                Erth           ####..       1%          1    None
 Flaming Arrows           Chrm/Fire      #####...     1%          2    None
 Passwall                 Tmut/Erth      ######..     1%          2    None
 Swiftness                Chrm/Air       ######..     1%          2    None
 Conjure Flame            Conj/Fire      #######.     1%          3    None
 Ignite Poison            Fire/Tmut/Pois ######..     1%          3    None
 Inner Flame              Hex/Fire       N/A          1%          3    None
 Ozocubu's Armour         Chrm/Ice       ######..     1%          3    None
 Spider Form              Tmut/Pois      ###          1%          3    None
 Stone Arrow              Conj/Erth      ######       1%          3    None
 Airstrike                Air            #######...   1%          4    None
 Animate Dead             Necr           N/A          1%          4    None
 Fulminant Prism          Conj/Hex       #######...   1%          4    None
 Lightning Bolt           Conj/Air       #######.     1%          4    None
 Petrify                  Tmut/Erth      ######....   1%          4    None
 Sticky Flame             Conj/Fire      #######.     1%          4    None
 Summon Ice Beast         Ice/Summ       ######..     1%          4    None
 Blade Hands              Tmut           #######...   1%          5    None
 Dispel Undead            Necr           #######.     1%          5    None
 Fireball                 Conj/Fire      #######...   1%          5    None
 Irradiate                Conj/Tmut      ########..   1%          5    None
 Silence                  Hex/Air        ######....   1%          5    None
 Recall                   Summ/Tloc      N/A          3%          3    None
 Piercing Shot            Chrm           ######....   4%          5    None
 Lee's Rapid Deconstruct  Erth           ####......   9%          5    None
 Steam Barrier            Chrm/Fire      #####.....   10%         5    None
 Ozocubu's Refrigeration  Ice            #######...   1%          6    None
 Simulacrum               Ice/Necr       #######.     1%          6    None
 Death Channel            Chrm/Necr      ######....   3%          6    None
 Virulence                Hex/Pois       #####...     58%         6    None
 Tornado                  Tloc/Air       ######....   61%         8    ####...
 Ignition                 Fire           ####......   100%        8    ####...
 Time Stop                Chrm/Tloc      N/A          100%        8    ####...
 Dragon's Call            Summ           ####......   100%        9    #####..
 Shatter                  Erth           ####......   100%        9    #####..


Dungeon Overview and Level Annotations

Branches:
Dungeon (12/12)            Temple (0/1) D:5            Lair (6/6) D:9
  Swamp (3/3) Lair:2       Shoals (3/3) Lair:2        Slime (0/5) Orc
    Orc (1/1) D:10         Vaults (2/3) D:12         Forest (3/3) Lair:5
  Crypt (2/2) Vaults:2       Tomb (0/3) Crypt:2      Depths (4/5) D:12

Altars:
Dithmenos
Okawaru
Ru
Sif Muna
Wu Jian
Xom
Yredelemnul
The Shining One
Jiyva

Shops:
D:4 ?   D:5 *   D:9 =*   Orc ?(*:!   Shoals:1 (   Vaults:1 (   Vaults:2 [
Depths:2 *[*!%

Portals:
Hell: Depths:1 Depths:2 Depths:3
Abyss: Depths:1 Depths:2 Depths:3
Pandemonium: Orc Depths:1 Depths:3
Ziggurat: Depths:1


Innate Abilities, Weirdness & Mutations

You can breathe waves of freezing cold.
You can buffet flying creatures when you breathe cold.
Your icy white scales are hard. (AC +12)
You cannot fit into any form of body armour.
Your flesh is cold resistant. (rC+)
You are cold-blooded and may be slowed by cold attacks.


Message History

Something hits you but does no damage. Something hits you!
* * * LOW HITPOINT WARNING * * *
Something drains your vigour!
You feel as though you will be slow longer.
The large abomination is engulfed in freezing vapours.
As you read the scroll of teleportation, it crumbles to dust.
You feel strangely unstable.
The Executioner is engulfed in freezing vapours. x2
The Executioner gestures.
The Executioner seems to speed up.
The Executioner is engulfed in freezing vapours.
Something hits you but does no damage. Something barely misses you.
The Executioner is engulfed in freezing vapours.
The large abomination is engulfed in freezing vapours.
Something hits you!!
* * * LOW HITPOINT WARNING * * *
Something drains your vigour!
You feel as though you will be slow longer.
Something hits you!
You die...

.#. ...#
#######..#.
#....1....#
###........#
...###.{{........
#°§☼○§§@#.#.#.#.
.#○§☼§§#8#.#.#.#.#
.°°§§§§.§○○....{..
###§81############
○§X○# ∩ .°☼§# .☼○°
...


You could see 2 Executioners and a large abomination.

Vanquished Creatures
  Ignacio (Pan)
  Mennas (Depths:3)
  A pandemonium lord (Pan)
  5 ancient liches
  A greater mummy (Depths:2)
  2 Killer Klowns
  the Enchantress (Forest:3)
  2 golden dragons (Depths:3)
  4 caustic shrikes
  A curse toe (Crypt:2)
  A rockslime (Depths:2)
  3 Brimstone Fiends (Pan)
  A pearl dragon (Pan)
  A Shadow Fiend (Pan)
  A tentacled monstrosity (Depths:3)
  4 Hell Sentinels (Pan)
  2 Ice Fiends
  11 wendigos
  Asterion (Depths:2)
  2 titans (Depths:2)
  A quicksilver dragon (Depths:3)
  6 Executioners (Pan)
  4 ancient champions
  A tengu reaver (Depths:3)
  7 thorn hunters
  6 greenwood witches
  A ghoul (Crypt:1)
  A shadow dragon (Depths:3)
  2 storm dragons
  2 revenants
  14 apis
  Donald (Shoals:1)
  6 fire giants
  A daeva (Pan)
  5 vault wardens
  Ilsuiw (Shoals:2)
  3 frost giants
  An iron dragon (Depths:3)
  A deep elf sorcerer (Depths:3)
  A cacodemon (Pan)
  17 balrugs (Pan)
  Louise (Shoals:1)
  2 orc warlords (Depths:2)
  3 azure jellies
  Aizul (Shoals:1)
  4 black suns (Pan)
  A juggernaut zombie (Depths:3)
  5 warmongers (Pan)
  15 stone giants
  7 spriggan defenders
  4 elemental wellsprings (Forest:3)
  A curse skull (Crypt:2)
  An angel (Pan)
  4 ironheart preservers
  7 jiangshi
  An eye of devastation (Depths:1)
  3 reapers (Pan)
  6 very ugly things
  2 ophanim (Pan)
  2 deep elf demonologists
  2 corrupters (Pan)
  5 vampire knights
  9 dire elephants
  2 deep elf annihilators
  A spark wasp (Depths:4)
  3 lorocyprocas (Pan)
  2 deep elf death magi
  5 blizzard demons (Pan)
  4 eidola
  2 green deaths
  5 merfolk javelineers (Shoals:3)
  4 fire dragons
  9 merfolk impalers
  Snorg (D:10)
  8 ettins
  8 vault guards
  2 hell beasts (Pan)
  5 yaktaur captains
  5 monstrous demonspawn (Pan)
  4 shambling mangroves
  15 hydras
  6 rakshasas
  Erica (Lair:2)
  Harold (Lair:3)
  8 spriggan air magi
  12 ice dragons
  An alligator snapping turtle (Shoals:3)
  Erolcha (D:10)
  6 great orbs of eyes
  7 anacondas
  A merfolk avatar (Shoals:1)
  3 death knights
  2 dancing weapons
  7 merfolk aquamancers
  10 alligators
  Sonja (Lair:2)
  2 tengu warriors (Vaults:1)
  2 deep troll shamans
  18 two-headed ogres
  8 ogre magi
  39 death yaks
  2 deep troll earth magi (Depths:3)
  7 orc high priests
  9 satyrs
  8 sea snakes
  An ironheart beastmaster (Vaults:1)
  7 vampire magi
  A titan skeleton (Crypt:2)
  6 deep trolls (Depths:2)
  11 spriggan berserkers
  12 soul eaters
  34 sun demons (Pan)
  3 deep elf knights (Vaults:1)
  A deep troll (shapeshifter) (Depths:3)
  51 spriggans
  17 centaur warriors
  3 sixfirhies (Pan)
  A salamander mystic (Depths:2)
  7 infernal demonspawn
  5 iron trolls
  3 flayed ghosts
  7 glowing orange brains
  22 skeletal warriors
  An entropy weaver zombie (Crypt:1)
  8 spriggan druids
  2 torturous demonspawn
  A swamp dragon (Swamp:1)
  2 unseen horrors
  A wolf spider zombie (D:12)
  8 wizards
  7 shadow demons (Pan)
  A shadow dragon zombie (Crypt:2)
  A harpy (shapeshifter) (Vaults:1)
  9 ironheart convokers
  5 cyclopes
  4 necromancers
  A golden dragon skeleton (Depths:3)
  4 orc knights (Orc)
  Pikel (D:8)
  3 deep elf archers (Vaults:1)
  2 wolf spiders
  5 harpies
  5 orc sorcerers (Orc)
  4 phantasmal warriors
  An iron dragon zombie (Crypt:2)
  28 ugly things
  6 oklob plants
  6 deep elf magi
  A frost giant zombie (Crypt:2)
  3 salamanders (Depths:2)
  A shining eye (Depths:1)
  2 anaconda skeletons (Crypt:2)
  4 black mambas
  26 fauns
  2 rust devils
  2 iron dragon skeletons
  A fire giant zombie (Crypt:1)
  6 vault sentinels
  An elephant (shapeshifter) (Vaults:2)
  11 merfolk sirens
  3 elephants (Lair:4)
  3 manticores
  18 will-o'-wisps
  13 water nymphs
  A guardian serpent (shapeshifter) (Depths:3)
  15 cane toads
  2 ice statues (Depths:2)
  3 torpor snails
  A black mamba (shapeshifter) (D:12)
  15 orange demons
  11 smoke demons (Pan)
  4 gargoyles
  A molten gargoyle (Depths:2)
  3 hellions (Pan)
  4 rime drakes
  2 yaktaur zombies (Depths:1)
  A kobold demonologist (D:11)
  4 demonic crawlers (Pan)
  A tormentor (Pan)
  11 efreet
  2 tengu conjurers (Vaults:1)
  An elf (Depths:2)
  8 komodo dragons
  11 freezing wraiths
  16 yaktaurs
  7 flying skulls
  An eye of draining (D:9)
  9 hellwings
  2 guardian mummies
  4 ice devils
  Maurice (D:8)
  A queen bee (D:10)
  15 merfolk
  A yaktaur skeleton (Depths:1)
  A tengu simulacrum (Vaults:1)
  3 polar bears (Lair:6)
  A catoblepas skeleton (Crypt:2)
  6 trolls
  32 red devils
  2 hornets (shapeshifter)
  50 hornets
  5 wind drakes
  Prince Ribbit (D:5)
  10 tyrant leeches
  7 dream sheep
  34 blink frogs
  26 slime creatures
  9 bog bodies
  8 snapping turtles
  17 hippogriffs
  2 meliai zombies
  5 air elementals (Shoals:3)
  A black mamba zombie (Crypt:2)
  2 shadows
  8 wraiths
  27 water elementals
  3 vampires
  11 ynoxinuls
  A spriggan (shapeshifter) (Depths:3)
  An ettin skeleton (Crypt:2)
  A satyr skeleton (Crypt:2)
  6 wyverns
  A fire dragon skeleton (Depths:1)
  An ice dragon skeleton (Crypt:2)
  A human (Depths:2)
  Sigmund (D:4)
  5 neqoxecs (Pan)
  2 basilisks
  9 large abominations (Pan)
  16 yaks
  A hungry ghost (D:9)
  5 swamp worm simulacra (Swamp:3)
  4 chaos spawn (Pan)
  16 vampire mosquitoes
  An acid dragon (D:12)
  A deep troll zombie (Crypt:2)
  2 wargs (Depths:2)
  14 swamp worms
  8 water moccasins
  Edmund (D:5)
  14 crocodiles
  A floating eye (Depths:1)
  2 hell hounds (Depths:2)
  14 hydra simulacra (Swamp:3)
  10 porcupines
  A floating eye (shapeshifter) (Vaults:2)
  A slave (Depths:2)
  8 swamp drakes
  2 soldier ants (D:11)
  11 black bears
  2 hornet zombies
  A sky beast (D:8)
  22 orc warriors
  7 ice beasts
  26 wolves
  2 phantoms
  19 ogres
  A necrophage (Crypt:2)
  9 boggarts
  2 elf zombies (Crypt:2)
  14 bullfrogs
  A salamander zombie (Crypt:1)
  6 kobold brigands
  Blork the orc (D:4)
  A draconian skeleton (Crypt:1)
  2 spectral wargs (Depths:2)
  8 centaurs
  A wyvern skeleton (Crypt:2)
  A water moccasin skeleton (D:5)
  2 scorpions (D:9)
  8 killer bees (D:10)
  A troll skeleton (Crypt:1)
  12 wights
  5 howler monkeys
  20 orc priests
  3 electric eels
  6 crimson imps
  A wolf zombie (Crypt:2)
  A human simulacrum (Vaults:1)
  A quasit (D:10)
  A wolf skeleton (Crypt:2)
  5 jellies
  7 hounds
  2 bullfrog skeletons
  5 human zombies
  17 orc wizards
  Terence (D:2)
  6 hell rats (Lair:4)
  5 human skeletons
  3 iguanas
  7 worker ants
  A porcupine skeleton (D:10)
  A naga zombie (Crypt:1)
  A deep dwarf zombie (Crypt:2)
  A deep dwarf skeleton (Crypt:1)
  A hound skeleton (Crypt:1)
  15 mummies
  2 worker ant zombies
  An adder (shapeshifter) (Depths:3)
  11 adders
  3 river rats (Sewer)
  2 shadow imps
  2 white imps
  An iguana zombie (Crypt:2)
  5 oozes (D:8)
  3 swamp drake simulacra (Swamp:3)
  An adder skeleton (D:8)
  An oni skeleton (Crypt:1)
  8 worms
  A barachi zombie (Crypt:1)
  3 dart slugs
  2 leopard geckos (D:1)
  84 orcs
  7 bats
  4 giant cockroaches
  10 goblins
  7 hobgoblins
  8 jackals
  2 quokkas
  2 ball pythons (Sewer)
  7 frilled lizards
  A jackal skeleton (D:6)
  38 kobolds
  A kobold skeleton (Crypt:2)
  An orc skeleton (Crypt:2)
  A quokka zombie (D:5)
  29 rats
  A ball lightning (Forest:3)
  5 blocks of ice
  5 briar patches (Swamp:2)
  10 fire vortices (Pan)
  3 fungi
  10 plants
2004 creatures vanquished.

Vanquished Creatures (others)
  A pandemonium lord (Pan)
  A stone giant (Depths:1)
  A spriggan defender (Forest:3)
  An ironheart preserver (Vaults:2)
  A merfolk javelineer (Shoals:3)
  A yaktaur captain (Vaults:1)
  A satyr (Forest:2)
  A hellion (Pan)
  A cane toad (Swamp:3)
  2 yaktaurs
  A meliai zombie (D:8)
  A swamp drake (Swamp:3)
  3 slaves (D:8)
  2 centaurs
  2 orcs
  157 ball lightnings
  100 blocks of ice
  5 briar patches (Forest:3)
  13 bushes
  A fire vortex (Pan)
  55 fulminant prisms
  39 fungi
  73 plants
463 creatures vanquished.

Grand Total: 2467 creatures vanquished

Notes
Turn   | Place    | Note
-------+----------+-------------------------------------------
     0 | D:1      | Grijm the Draconian Reaver began the quest for the Orb.
     0 | D:1      | Reached XP level 1. HP: 19/19 MP: 3/3
   135 | D:1      | Reached XP level 2. HP: 26/26 MP: 5/5
   456 | D:1      | Reached * piety under Vehumet
   456 | D:1      | Offered knowledge of Freeze by Vehumet.
   541 | D:1      | Reached XP level 3. HP: 33/33 MP: 6/6
  1182 | D:2      | Offered knowledge of Sandblast by Vehumet.
  1183 | D:2      | Reached XP level 4. HP: 36/40 MP: 7/7
  1185 | D:2      | Reached ** piety under Vehumet
  1272 | D:2      | Noticed Terence
  1283 | D:2      | Killed Terence
  1422 | D:2      | Noticed a phantom
  1455 | D:2      | Killed a phantom
  1456 | D:2      | Reached skill level 5 in Polearms
  1456 | D:2      | Reached XP level 5. HP: 39/46 MP: 8/8
  1994 | D:3      | Got a twitching granite ring
  2218 | D:3      | Found a glowing drain.
  2228 | Sewer    | Entered a sewer
  2352 | Sewer    | Offered knowledge of Mephitic Cloud by Vehumet.
  2353 | Sewer    | Reached XP level 6. HP: 52/52 MP: 9/9
  2365 | Sewer    | Learned a level 3 spell: Mephitic Cloud
  2402 | Sewer    | Reached *** piety under Vehumet
  2481 | Sewer    | Reached skill level 1 in Air Magic
  2481 | Sewer    | Reached skill level 1 in Poison Magic
  2488 | Sewer    | Reached skill level 1 in Conjurations
  2506 | Sewer    | Offered knowledge of Sticky Flame by Vehumet.
  2765 | Sewer    | Reached **** piety under Vehumet
  3313 | D:4      | Your scales start taking on an icy white colour.
  3313 | D:4      | Reached XP level 7. HP: 59/59 MP: 10/10
  3313 | D:4      | Gained mutation: Your flesh is cold resistant. (rC+) [White
                  | Draconian growth]
  3365 | D:4      | Offered knowledge of Fulminant Prism by Vehumet.
  3462 | D:4      | Noticed Sigmund
  3488 | D:4      | Killed Sigmund
  3567 | D:4      | Noticed Blork the orc
  3588 | D:4      | Killed Blork the orc
  3899 | D:4      | Identified the cursed ring of Ilif {*Drain Str+7 Stlth--}
                  | (You found it on level 3 of the Dungeon)
  4232 | D:4      | Found Jegi's Magic Scroll Shop.
  4237 | D:4      | Bought a scroll of blinking for 97 gold pieces
  4347 | D:5      | Entered Level 5 of the Dungeon
  4490 | D:5      | Reached skill level 1 in Evocations
  4500 | D:5      | Found Vopnyell's Assorted Antiques.
  4531 | D:5      | Reached XP level 8. HP: 57/66 MP: 11/11
  4600 | D:5      | Noticed Prince Ribbit
  4609 | D:5      | Killed Prince Ribbit
  4809 | D:5      | Noticed Edmund
  4824 | D:5      | Killed Edmund
  4949 | D:5      | Found a staircase to the Ecumenical Temple.
  5125 | D:6      | Noticed a hippogriff
  5140 | D:6      | Killed a hippogriff
  5419 | D:6      | Noticed a hippogriff
  5429 | D:6      | Killed a hippogriff
  5430 | D:6      | Reached skill level 5 in Evocations
  5500 | D:6      | Reached XP level 9. HP: 51/72 MP: 15/15
  5686 | D:6      | Reached skill level 5 in Fighting
  5693 | D:6      | Reached skill level 1 in Throwing
  5838 | D:6      | Found an iron altar of Okawaru.
  6411 | D:7      | Found a shimmering blue altar of Sif Muna.
  6437 | D:7      | Found an ornate altar of the Wu Jian Council.
  6478 | D:7      | Found a glowing golden altar of the Shining One.
  7424 | D:7      | Found a sacrificial altar of Ru.
  7511 | D:8      | Noticed Maurice
  7594 | D:7      | Learned a level 4 spell: Fulminant Prism
  7623 | D:8      | Noticed a troll
  7854 | D:7      | Killed a troll
  7925 | D:8      | Noticed a troll
  7997 | D:8      | Reached skill level 10 in Polearms
  8150 | D:8      | Noticed Pikel
  8162 | D:8      | Killed Pikel
  8163 | D:8      | Reached skill level 1 in Hexes
  8163 | D:8      | Reached XP level 10. HP: 47/88 MP: 6/16
  8268 | D:8      | Killed Maurice
  8619 | D:8      | Reached ***** piety under Vehumet
  8628 | D:8      | Offered knowledge of Lightning Bolt by Vehumet.
  8908 | D:8      | Learned a level 4 spell: Lightning Bolt
  8914 | D:8      | Learned a level 5 spell: Iskenderun's Battlesphere
  8957 | D:9      | Noticed a six-headed hydra
  8978 | D:9      | Killed a six-headed hydra
  8979 | D:9      | Reached skill level 10 in Fighting
  8979 | D:9      | Reached skill level 5 in Dodging
  9070 | D:9      | Reached skill level 1 in Charms
  9136 | D:9      | Found a shadowy altar of Dithmenos.
  9270 | D:9      | Found Zialiriu's Jewellery Shoppe.
  9314 | D:9      | Found Estroghawk's General Store.
  9324 | D:9      | Reached skill level 5 in Conjurations
  9336 | D:9      | Bought a cursed staff of conjuration for 375 gold pieces
  9336 | D:9      | Bought a potion of agility for 60 gold pieces
  9378 | D:9      | Reached XP level 11. HP: 72/99 MP: 3/17
  9702 | D:9      | Found a staircase to the Lair.
  9979 | Lair:1   | Entered Level 1 of the Lair of Beasts
 10105 | Lair:1   | Reached skill level 5 in Charms
 10265 | Lair:1   | Reached skill level 5 in Spellcasting
 11274 | Lair:2   | Noticed Erica
 11298 | Lair:2   | Noticed a five-headed hydra
 11303 | Lair:2   | Killed Erica
 11307 | Lair:2   | Killed a five-headed hydra
 11318 | Lair:2   | Found a staircase to the Shoals.
 11517 | Lair:2   | Noticed Sonja
 11537 | Lair:2   | Killed Sonja
 12033 | Lair:2   | Learned a level 3 spell: Conjure Flame
 12038 | Lair:2   | Learned a level 4 spell: Sticky Flame
 12109 | Lair:2   | Reached XP level 12. HP: 106/106 MP: 14/23
 12393 | Lair:2   | Found a staircase to the Swamp.
 12522 | Lair:3   | Noticed a four-headed hydra
 12573 | Lair:3   | Noticed Harold
 12597 | Lair:3   | Killed Harold
 12793 | Lair:3   | Noticed a death yak
 12796 | Lair:3   | Noticed a death yak
 12809 | Lair:3   | Noticed a death yak
 12813 | Lair:3   | Killed a death yak
 12821 | Lair:3   | Killed a death yak
 12834 | Lair:3   | Killed a death yak
 13186 | Lair:3   | Killed a four-headed hydra
 13802 | Lair:4   | Noticed an eight-headed hydra
 13945 | Lair:4   | Reached skill level 10 in Spellcasting
 14205 | Lair:4   | Reached skill level 1 in Fire Magic
 14358 | Lair:4   | Found a shimmering altar of Xom.
 14527 | Lair:4   | Killed an eight-headed hydra
 14528 | Lair:4   | Reached XP level 13. HP: 75/113 MP: 5/27
 14635 | Lair:4   | Learned a level 7 spell: Icicle Burst
 15966 | Lair:4   | Offered knowledge of Poison Arrow by Vehumet.
 16291 | Lair:4   | Reached skill level 1 in Ice Magic
 16848 | Lair:5   | Reached skill level 5 in Ice Magic
 16864 | Lair:5   | Noticed an apis
 17438 | Lair:4   | Found a shimmering altar of Xom.
 17464 | Lair:4   | Killed an apis
 17506 | Lair:5   | Reached XP level 14. HP: 72/121 MP: 7/28
 17597 | Lair:5   | Noticed an apis
 17604 | Lair:5   | Killed an apis
 17605 | Lair:5   | Reached skill level 10 in Conjurations
 17661 | Lair:5   | Learned a level 4 spell: Throw Icicle
 17663 | Lair:5   | Learned a level 1 spell: Flame Tongue
 17944 | Lair:5   | Noticed an apis
 17949 | Lair:5   | Killed an apis
 17982 | Lair:5   | Noticed an apis
 17991 | Lair:5   | Killed an apis
 18045 | Lair:5   | Found a staircase to the Spriggan Forest.
 18610 | Lair:6   | Entered Level 6 of the Lair of Beasts
 19451 | Lair:6   | Offered knowledge of Freezing Cloud by Vehumet.
 19692 | Lair:6   | Reached skill level 10 in Ice Magic
 20481 | Lair:6   | Offered knowledge of Iron Shot by Vehumet.
 21415 | D:10     | Entered Level 10 of the Dungeon
 21671 | D:10     | Found a staircase to the Orcish Mines.
 21697 | D:10     | Reached XP level 15. HP: 126/126 MP: 22/29
 21810 | D:10     | Noticed Erolcha
 21826 | D:10     | Killed Erolcha
 21827 | D:10     | Reached skill level 1 in Shields
 22227 | D:10     | Noticed Snorg
 22232 | D:10     | Killed Snorg
 22816 | D:11     | Reached ****** piety under Vehumet
 23030 | D:11     | Offered knowledge of Mana Rupture by Vehumet.
 23739 | D:12     | Entered Level 12 of the Dungeon
 24388 | D:12     | Reached skill level 5 in Shields
 24946 | D:12     | Offered knowledge of Orb of Destruction by Vehumet.
 24958 | D:12     | Learned a level 7 spell: Orb of Destruction
 25376 | D:12     | Found a gate to the Vaults.
 25626 | D:12     | Found a staircase to the Depths.
 25865 | Orc      | Entered the Orcish Mines
 25907 | Orc      | Found a runed door.
 25949 | Orc      | Found a viscous altar of Jiyva.
 25951 | Orc      | Noticed an azure jelly
 26086 | Orc      | Found Fosyl's Distillery.
 26144 | Orc      | Bought a potion of magic for 70 gold pieces
 26144 | Orc      | Bought a potion of magic for 70 gold pieces
 26144 | Orc      | Bought a potion of resistance for 140 gold pieces
 26663 | Orc      | Found Tasch's Magic Scroll Shop.
 26770 | Orc      | Found Heasudakk's General Store.
 27235 | Orc      | Reached XP level 16. HP: 130/134 MP: 9/30
 27750 | Orc      | Found Isikhlai's Book Emporium.
 27750 | Orc      | Found Riviji Byke's Antique Weapon Shoppe.
 27751 | Orc      | Found a one-way gate leading to the halls of Pandemonium.
 27812 | Orc      | Found a staircase to the Slime Pits.
 27941 | Lair:2   | Reached XP level 17. HP: 140/140 MP: 30/32
 28094 | Orc      | Bought a runed demon trident for 468 gold pieces
 28243 | Swamp:1  | Entered Level 1 of the Swamp
 28398 | Swamp:1  | Offered knowledge of Bolt of Cold by Vehumet.
 28951 | Lair:2   | Learned a level 6 spell: Conjure Ball Lightning
 29989 | Swamp:2  | Reached skill level 15 in Ice Magic
 30346 | Swamp:2  | Reached skill level 15 in Conjurations
 31217 | Swamp:3  | Entered Level 3 of the Swamp
 31617 | Swamp:3  | Offered knowledge of Lehudib's Crystal Spear by Vehumet.
 31617 | Swamp:3  | Offered knowledge of Glaciate by Vehumet.
 31617 | Swamp:3  | Offered knowledge of Chain Lightning by Vehumet.
 32673 | Swamp:3  | Got a decaying rune of Zot
 32882 | Shoals:1 | Entered Level 1 of the Shoals
 32912 | Shoals:1 | Reached XP level 18. HP: 152/152 MP: 24/34
 32945 | Shoals:1 | Noticed Donald
 32972 | Shoals:1 | Killed Donald
 33014 | Shoals:1 | Noticed Louise
 33029 | Shoals:1 | Killed Louise
 33284 | Shoals:1 | Found Duil's Antique Weapon Emporium.
 33731 | Shoals:1 | Noticed Aizul
 33743 | Shoals:1 | Killed Aizul
 34148 | Shoals:2 | Noticed Ilsuiw
 34190 | Shoals:2 | Killed Ilsuiw
 34894 | Shoals:3 | Entered Level 3 of the Shoals
 36221 | Shoals:3 | Reached skill level 15 in Spellcasting
 36317 | Shoals:3 | Identified the +10 great mace of Echinwom {flame, +Rage
                  | MR++ Str+4 Dex-5}
 36467 | Shoals:3 | Got a barnacled rune of Zot
 36516 | Shoals:3 | Identified a scroll of acquirement
 36914 | Shoals:3 | Identified the +0 pair of boots "Fuegikh" {*Contam rN+
                  | rCorr} (You acquired it on level 3 of the Shoals)
 36914 | Shoals:3 | Identified the amulet "Palon" {Gourm Stlth+} (You acquired
                  | it on level 3 of the Shoals)
 37101 | Orc      | Bought a potion of haste for 140 gold pieces
 37101 | Orc      | Bought a potion of heal wounds for 70 gold pieces
 37101 | Orc      | Bought a potion of curing for 35 gold pieces
 37101 | Orc      | Bought a potion of heal wounds for 70 gold pieces
 37101 | Orc      | Bought a potion of brilliance for 56 gold pieces
 37101 | Orc      | Bought a potion of curing for 35 gold pieces
 37101 | Orc      | Bought a potion of curing for 35 gold pieces
 37142 | Orc      | Bought a scroll of teleportation for 36 gold pieces
 37142 | Orc      | Bought a scroll of fear for 60 gold pieces
 37142 | Orc      | Bought a scroll of fear for 60 gold pieces
 37142 | Orc      | Bought a scroll of teleportation for 36 gold pieces
 37142 | Orc      | Bought a scroll of blinking for 90 gold pieces
 37142 | Orc      | Bought a scroll of enchant armour for 90 gold pieces
 37142 | Orc      | Bought a scroll of enchant armour for 90 gold pieces
 37290 | D:4      | Bought 2 scrolls of blinking for 195 gold pieces
 37290 | D:4      | Bought a scroll of blinking for 97 gold pieces
 37290 | D:4      | Bought a scroll of blinking for 97 gold pieces
 37290 | D:4      | Bought a scroll of teleportation for 39 gold pieces
 37421 | Vaults:1 | Entered Level 1 of the Vaults
 37588 | Vaults:1 | Learned a level 8 spell: Glaciate
 37851 | Vaults:1 | Reached XP level 19. HP: 160/160 MP: 36/39
 39402 | Vaults:1 | Identified the ring of Neschas {rCorr Slay+3}
 39478 | Vaults:1 | Found Puohaun's Weapon Shop.
 41455 | Vaults:2 | Found a staircase to the Crypt.
 41928 | Vaults:2 | Found Ibat's Antique Armour Shoppe.
 42449 | Forest:1 | Entered Level 1 of the Spriggan Forest
 42460 | Forest:1 | Reached XP level 20. HP: 151/168 MP: 23/42
 42802 | Forest:1 | Identified the +3 hand axe "Popro" {flame, +Fly Str+4}
 44326 | Forest:2 | Identified the ring "Lest" {Ice rPois}
 45782 | Forest:3 | Entered Level 3 of the Spriggan Forest
 47702 | Forest:3 | Reached XP level 21. HP: 174/174 MP: 36/44
 49801 | Forest:3 | Identified the +9 flail of the Wasteland {protect, rC+}
 49837 | Forest:3 | Identified the +5 faerie dragon scales {rC+ rCorr}
 49837 | Forest:3 | Identified the amulet "Evo Vuc" {Faith Dex+3 Slay+2}
 49837 | Forest:3 | Noticed the Enchantress
 50379 | Forest:3 | Killed the Enchantress
 50406 | Forest:3 | Noticed a caustic shrike
 50523 | Forest:3 | Killed a caustic shrike
 50524 | Forest:3 | Reached skill level 10 in Evocations
 50534 | Forest:3 | Noticed a caustic shrike
 50538 | Forest:3 | Killed a caustic shrike
 50702 | Forest:3 | Identified the +0 hat "Ykkuomm" {Int+3 Dex+4}
 50749 | Forest:3 | Learned a level 6 spell: Deflect Missiles
 51353 | Crypt:1  | Entered Level 1 of the Crypt
 52141 | Crypt:1  | Reached skill level 5 in Air Magic
 52763 | Crypt:2  | Entered Level 2 of the Crypt
 53540 | Crypt:2  | Reached XP level 22. HP: 71/180 MP: 33/46
 53858 | Crypt:2  | Found a basalt altar of Yredelemnul.
 54200 | Crypt:2  | Found a staircase to the Tomb.
 54358 | Crypt:2  | Noticed a curse toe
 54358 | Crypt:2  | Noticed an ancient lich
 54358 | Crypt:2  | Noticed an ancient lich
 54360 | Crypt:2  | Noticed a curse toe
 54361 | Crypt:2  | Killed an ancient lich
 54592 | Crypt:2  | Killed an ancient lich
 54610 | Crypt:2  | Killed a curse toe
 54763 | Crypt:2  | Noticed an ancient lich
 54763 | Crypt:2  | Noticed an ancient lich
 54766 | Crypt:2  | Killed an ancient lich
 54768 | Crypt:2  | Killed an ancient lich
 54769 | Crypt:2  | Reached skill level 10 in Air Magic
 54788 | Crypt:2  | Identified the +8 morningstar "Ramo" {crush, rF+ rC- Str+2}
 54794 | Crypt:2  | Identified the +4 scythe of Koefoik {freeze, *Rage rPois
                  | rN+}
 54800 | Crypt:2  | Identified the ring "Ymekhi" {rF++ rN+ MP-9}
 54800 | Crypt:2  | Identified the ring of Internal Strife {rPois rN+ Str+5
                  | Int-3 Dex+4}
 55142 | Depths:1 | Entered Level 1 of the Depths
 55298 | Depths:1 | Found a gateway to Hell.
 55465 | Depths:1 | Found a one-way gate to the infinite horrors of the Abyss.
 55899 | Depths:1 | Found a gateway to a ziggurat.
 56459 | Depths:2 | Noticed Asterion
 56462 | Depths:2 | Killed Asterion
 57030 | Depths:2 | Found Xaykares's Changing Room.
 57040 | Depths:2 | Bought a book of Alchemy for 770 gold pieces
 57040 | Depths:2 | Bought the Volume of Changing for 546 gold pieces
 57043 | Depths:2 | Learned a level 2 spell: Sublimation of Blood
 57052 | Depths:2 | Learned a level 8 spell: Necromutation
 57237 | Depths:3 | Noticed a caustic shrike
 57237 | Depths:3 | Noticed Mennas
 57344 | Depths:2 | Reached skill level 1 in Transmutations
 57345 | Depths:2 | Reached skill level 1 in Necromancy
 57360 | Depths:2 | Reached XP level 23. HP: 186/188 MP: 38/47
 57536 | Depths:2 | Noticed a greater mummy
 57538 | Depths:2 | Killed a greater mummy
 57982 | Depths:2 | Found Kopsia's Slaves and Accessories.
 58020 | Depths:2 | Reached skill level 5 in Necromancy
 58020 | Depths:2 | Reached skill level 5 in Transmutations
 58127 | Depths:2 | Found The Legendary Ymakis's Legendary Smithy.
 58161 | Depths:2 | Found Jack's Jerk-a-riffic Jerky.
 58402 | Depths:2 | Found Sual Lueggint's Miraculous Elixirs.
 58837 | Depths:2 | Identified the cursed +0 giant club of Instant Death
                  | {crush, rC- Int+5 Dex+2}
 59076 | Depths:3 | Noticed a golden dragon
 59100 | Depths:3 | Killed Mennas
 59107 | Depths:3 | Killed a golden dragon
 59200 | Depths:3 | Killed a caustic shrike
 59351 | Depths:3 | Learned a level 3 spell: Regeneration
 59468 | Depths:3 | Noticed a caustic shrike
 59471 | Depths:3 | Killed a caustic shrike
 59490 | Depths:3 | Noticed an ancient lich
 59495 | Depths:3 | Killed an ancient lich
 59551 | Depths:3 | Identified the +5 spear of Ruemasul {drain, +Fly rPois}
 59661 | Depths:3 | Noticed a golden dragon
 59667 | Depths:3 | Killed a golden dragon
 59718 | Depths:3 | Noticed a Killer Klown
 59723 | Depths:3 | Killed a Killer Klown
 60536 | Depths:2 | Identified the cursed ring of Qyphej {*Tele *Drain +Inv
                  | Str+4 SInv}
 60622 | Depths:4 | Reached skill level 10 in Necromancy
 60622 | Depths:4 | Reached skill level 10 in Transmutations
 60698 | Depths:4 | Noticed a Killer Klown
 60702 | Depths:4 | Killed a Killer Klown
 60707 | Depths:4 | Reached XP level 24. HP: 182/195 MP: 10/47
 60765 | Pan      | Entered Pandemonium
 60821 | Pan      | Noticed Tepn the pandemonium lord
 60996 | Pan      | Identified the ring "Rusihy" {+Fly rElec}
 61159 | Pan      | Noticed Rappioth the pandemonium lord
 61166 | Pan      | Killed Rappioth the pandemonium lord
 61384 | Pan      | Got a demonic rune of Zot
 61477 | Pan      | Noticed Utu Kiamiarch the pandemonium lord
 61951 | Pan      | Noticed Kucacw Suusm the pandemonium lord
 61962 | Pan      | Killed Kucacw Suusm the pandemonium lord
 62494 | Pan      | Found a white marble altar of Elyvilon.
 62784 | Pan      | Noticed Jemiuj the pandemonium lord
 62883 | Pan      | Noticed Ignacio
 62890 | Pan      | Killed Ignacio
 62891 | Pan      | Reached XP level 25. HP: 29/202 MP: 12/47
 62913 | Pan      | Entered the realm of Cerebov.
 63195 | Pan      | Identified the ring "Aklateatwi" {EV+4 Dex+3}
 63720 | Pan      | Identified the +10 arbalest "Urys Ograwei" {flame, Dex+6
                  | SInv}
 63809 | Pan      | Reached skill level 15 in Necromancy
 63809 | Pan      | Reached skill level 15 in Transmutations
 63835 | Pan      | Identified the +6 sword of Cerebov {flame}
 63835 | Pan      | Noticed Cerebov
 63841 | Pan      | HP: 4/202 [Cerebov/iron shot (60)]
 65158 | Pan      | Identified the Volume of Creative Fire
 65252 | Pan      | Got a fiery rune of Zot
 65328 | Pan      | Entered the realm of Gloorx Vloq.
 65345 | Pan      | HP: 7/202 [something (25)]
 65345 | Pan      | Slain by a shadow wraith

Skill      XL: |  1  2  3  4  5  6  7  8  9 10 11 12 13 14 15 16 17 18 19 20 21 22 23 24 25 |
---------------+----------------------------------------------------------------------------+-----
Dodging        | 3 5 |  5.0
Fighting       | 4 8 10 11 12 | 12.0
Polearms       | 4 5 6 8 10 11 13 14 | 14.0
Air Magic      | 1 2 6 14 | 14.5
Poison Magic   | 1 2 |  2.0
Conjurations   | 1 2 4 5 9 12 13 14 15 | 15.0
Evocations     | 1 5 7 10 | 10.0
Spellcasting   | 4 7 10 11 12 16 18 19 20 | 20.2
Throwing       | 2 |  2.0
Hexes          | 1 2 |  2.0
Charms         | 3 5 |  5.0
Fire Magic     | 1 |  1.0
Ice Magic      | 6 11 13 14 15 17 19 20 | 20.0
Shields        | 6 7 8 |  8.0
Transmutations | 2 10 14 15 | 15.0
Necromancy     | 2 10 14 15 | 15.0

Action                   |  1- 3 |  4- 6 |  7- 9 | 10-12 | 13-15 | 16-18 | 19-21 | 22-24 | 25-27 || total
-------------------------+-------+-------+-------+-------+-------+-------+-------+-------+-------++-------
Melee: Trident           |   164 |   277 |   153 |   310 |   332 |       |       |       |       ||  1236
       Tailslap          |    11 |    17 |    33 |    56 |    46 |     6 |    25 |    11 |       ||   205
       Spear             |       |       |   218 |   117 |       |       |       |       |       ||   335
       Staff             |       |       |       |    10 |    43 |     2 |     7 |     5 |     1 ||    68
       Demon trident     |       |       |       |       |       |    55 |    98 |    55 |     2 ||   210
       Unarmed           |       |       |       |       |       |    14 |     2 |       |       ||    16
Throw: Tomahawk          |       |       |    38 |    51 |    63 |     7 |     3 |       |       ||   162
 Cast: Mephitic Cloud    |       |     7 |    18 |    55 |    50 |     5 |       |       |       ||   135
       Fulminant Prism   |       |       |    14 |    40 |     1 |       |       |       |       ||    55
       Lightning Bolt    |       |       |       |    18 |     6 |       |       |       |       ||    24
       Sticky Flame      |       |       |       |    35 |    34 |       |       |       |       ||    69
       Conjure Flame     |       |       |       |    19 |    13 |       |       |       |       ||    32
       Icicle Burst      |       |       |       |       |   203 |   185 |   228 |   136 |     9 ||   761
       Throw Icicle      |       |       |       |       |   109 |   244 |   290 |   188 |   109 ||   940
       Flame Tongue      |       |       |       |       |    15 |     1 |       |       |       ||    16
       Iskenderun's Batt |       |       |       |       |    13 |    53 |    26 |     4 |       ||    96
       Orb of Destructio |       |       |       |       |    16 |    12 |    75 |    69 |     5 ||   177
       Conjure Ball Ligh |       |       |       |       |       |    25 |    28 |     3 |     1 ||    57
       Glaciate          |       |       |       |       |       |       |    22 |   201 |    30 ||   253
       Deflect Missiles  |       |       |       |       |       |       |     1 |       |       ||     1
       Sublimation of Bl |       |       |       |       |       |       |       |    30 |     5 ||    35
       Regeneration      |       |       |       |       |       |       |       |    19 |     9 ||    28
 Abil: Breathe Frost     |       |       |    20 |    21 |    11 |     2 |     5 |       |       ||    59
       Evoke Flight      |       |       |       |       |       |       |       |     1 |       ||     1
Evoke: Wand              |       |       |       |     8 |     4 |       |     1 |     1 |       ||    14
  Use: Scroll            |       |     4 |     4 |     3 |    21 |    23 |    10 |     9 |    11 ||    85
       Potion            |       |       |       |       |     5 |     7 |     6 |     4 |     8 ||    30
 Stab: Sleeping          |     2 |       |     2 |     2 |       |       |       |       |       ||     6
       Confused          |       |     4 |    19 |    40 |    38 |       |       |       |       ||   101
       Distracted        |       |     1 |       |       |       |       |       |       |       ||     1
       Paralysed         |       |       |       |       |     3 |       |       |       |       ||     3
  Eat: Chunk             |     5 |    16 |    23 |    42 |    45 |    34 |    33 |    17 |       ||   215
       Ration            |       |       |     3 |     2 |     6 |     2 |     7 |     6 |     3 ||    29
Armor: Skin              |    46 |   136 |   117 |    92 |   112 |    48 |    68 |    40 |    11 ||   670
Dodge: Dodged            |    89 |   211 |   223 |   215 |   254 |    90 |   107 |    67 |    10 ||  1266
       Deflected         |       |       |       |       |       |       |       |    36 |       ||    36
Block: Buckler           |       |       |       |       |    62 |    69 |   112 |    66 |     7 ||   316
       Reflection        |       |       |       |       |    17 |    11 |    46 |    20 |       ||    94
